 Dungeon Crawl Stone Soup version 0.27-a0-95-g5a9077b8ae (webtiles) character file.

Game seed: 13736533025281890479

9 knot the Chopper (level 2, 22/24 HPs)
             Began as a Demonspawn Berserker on Jan 19, 2021.
             Was a Follower of Trog.
             Quit the game on level 1 of the Dungeon.
             The game lasted 00:00:11 (141 turns).

knot the Chopper (Demonspawn Berserker)              Turns: 141, Time: 00:00:12

Health: 22/24      AC:  2    Str: 17    XL:     2   Next: 3%
Magic:  2/2        EV: 12    Int:  8    God:    Trog [*.....]
Gold:   23         SH:  0    Dex: 12    Spells: 1/1 levels left

rFire    . . .     SeeInvis .   a - +0 hand axe
rCold    . . .     Faith    .   (no shield)
rNeg     . . .     Spirit   .   b - +0 animal skin
rPois    .         Reflect  .   (no helmet)
rElec    .         Harm     .   (no cloak)
rCorr    .         Rampage  .   (no gloves)
Will     .....                  (no boots)
Stlth    +.........             (no amulet)
HPRegen  0.08/turn              (no ring)
MPRegen  0.08/turn              (no ring)

@: no status effects
A: powered by pain 1
a: Renounce Religion, Berserk


You were on level 1 of the Dungeon.
You worshipped Trog.
Trog was aware of your devotion.
You visited 1 branch of the dungeon, and saw 1 of its levels.

You collected 23 gold pieces.

Inventory:

Hand Weapons
 a - a +0 hand axe (weapon)
Armour
 b - a +0 animal skin (worn)
Scrolls
 c - a scroll of remove curse {unknown}
Potions
 d - a potion of curing {unknown}


   Skills:
 - Level 3.0 Fighting
 + Level 3.2 Axes
 - Level 1.7 Armour
 - Level 1.7 Dodging


You had one spell level left.
You didn't know any spells.
Your spell library was empty.

Dungeon Overview and Level Annotations

Branches:
Dungeon (1/15)

Altars:


Innate Abilities, Weirdness & Mutations

You sometimes gain a little power by taking damage.


Message History

You hit the bat.
You kill the bat!
Trog accepts your kill. 2 jackals come into view.
The jackal barks!
You hear a bark! x2
A jackal comes into view.
Found a scroll labelled XYGIPN ATHIJE and 17 arrows.
There are monsters nearby!
A giant cockroach comes into view.
A jackal comes into view.
The jackal completely misses you.
You hit the jackal.
The jackal is almost dead.
You slash the jackal!
You kill the jackal!
Trog accepts your kill.
You miss the jackal. The jackal bites you. The jackal closely misses you.
You have reached level 2!
Your demonic ancestry asserts itself...
You feel energised by your suffering.
Are you sure you want to abandon this character and quit the game? (Confirm with "yes".)

.###.....##..##..#####
## ##.#####..##.....#
# #.......#.......# #
# #.......#.##.##.##.#
. ..#####.#.##.......#
. ..# ##.#.##....####
## #### ...). #.##.#
.....B#.##.#
.....hh@...#
.....h#†.###
......##.# ..... #.#
... #.# ## #.# #(# #.#


You could see 3 jackals and a giant cockroach.

Vanquished Creatures
  2 giant cockroaches (D:1)
  2 goblins (D:1)
  A hobgoblin (D:1)
  A jackal (D:1)
  A bat (D:1)
  A rat (D:1)
8 creatures vanquished.

Notes
Turn   | Place    | Note
-------+----------+-------------------------------------------
     0 | D:1      | knot the Demonspawn Berserker began the quest for the Orb.
     0 | D:1      | Reached XP level 1. HP: 18/18 MP: 1/1
   141 | D:1      | Gained mutation: You sometimes gain a little power by
                  | taking damage. [demonic ancestry]
   141 | D:1      | Reached XP level 2. HP: 22/24 MP: 2/2
   141 | D:1      | Quit the game

Illustrated notes

Levels and vault maps discovered:
D:1:      minmay_arrival_doors, layout_loops_cross, grunt_decor_clamped,
          serial_bayou_pond_c, st_stairs_14

Skill      XL: |  1 |
---------------+----+-----
Axes           | 3 |  3.2
Fighting       | |  3.0
Armour         | |  1.7
Dodging        | |  1.7

Action                   || total
-------------------------++-------
Melee: Hand axe          ||    14
Dodge: Dodged            ||    12

Table legend: (Time is in decaauts)
 A = Elapsed time spent in this place.
 B = Non-inter-level travel time spent in this place.
 C = Inter-level travel time spent in this place.
 D = Time resting spent in this place.
 E = Time spent auto-exploring this place.
 F = Levels seen in this place.
 G = Mean time per level.
                   A        B        C        D        E       F      G
               +--------+--------+--------+--------+--------+-----+--------+
         Total |    143 |    143 |      0 |      0 |    106 |   1 |  143.0 |
       Dungeon |    143 |    143 |      0 |      0 |    106 |   1 |  143.0 |
               +--------+--------+--------+--------+--------+-----+--------+

Top non-repeatable levels by time:
     D:1: 143 daAuts
